 Dungeon Crawl Stone Soup version 0.22-a0-515-g75794bf (webtiles) character file.

30714 Amnesiac the Slinger (level 13, -3/72 HPs)
             Began as a Spriggan Berserker on June 19, 2018.
             Was a High Priest of Trog.
             Slain by a harpy (12 damage)
             ... summoned by Kirke
             ... on level 14 of the Dungeon.
             The game lasted 00:31:50 (15851 turns).

Amnesiac the Slinger (Spriggan Berserker)          Turns: 15851, Time: 00:31:51

Health: -3/72      AC:  5    Str: 17    XL:     13   Next: 22%
Magic:  0/22       EV: 27    Int:  9    God:    Trog [*****.]
Gold:   166        SH:  9    Dex: 16    Spells: 12/12 levels left

rFire    . . .     SeeInvis +   a - +7 fustibalus
rCold    + . .     Gourm    .   t - +1 buckler
rNeg     . . .     Faith    .   i - +0 troll leather armour
rPois    .         Spirit   +   (helmet restricted)
rElec    .         Reflect  .   R - +0 cloak
rCorr    .         Harm     .   (gloves unavailable)
MR       +++..                  (boots unavailable)
Stlth    +.........             G - amulet of guardian spirit
HPRegen  0.62/turn              k - ring of protection from cold
MPRegen  0.18/turn              n - ring of protection from magic

@: about to teleport, very quick
A: very small, unfitting armour, see invisible, herbivore, speed 3, slow
metabolism 2
a: Berserk, Trog's Hand, Brothers in Arms, Renounce Religion


You were on level 14 of the Dungeon.
You worshipped Trog.
Trog was extremely pleased with you.
You were very hungry.

You visited 1 branch of the dungeon, and saw 14 of its levels.

You collected 706 gold pieces.
You spent 540 gold pieces at shops.

Inventory:

Hand Weapons
 a - a +7 fustibalus (weapon)
 b - a +1 blowgun
 V - a +4 hunting sling of freezing
Missiles
 g - 11 sling bullets (quivered)
 m - 351 stones
 q - 5 needles of sleeping
 u - 56 poisoned needles
 H - 10 tomahawks
 J - 3 curare-tipped needles
 O - 3 needles of frenzy
Armour
 i - a +0 troll leather armour (worn)
 t - a +1 buckler (worn)
 R - a +0 cloak (worn)
Magical Staves
 M - an uncursed staff of energy
Jewellery
 k - a ring of protection from cold (left hand)
 n - a ring of protection from magic (right hand)
 D - an uncursed ring of positive energy
 G - an amulet of guardian spirit (around neck)
 W - an uncursed amulet of magic regeneration {unknown}
 Y - a +2 ring of intelligence {unknown}
Wands
 y - a wand of scattershot (7)
 E - a wand of polymorph (11)
 L - a wand of random effects (66)
 Q - a wand of enslavement (27)
 S - a wand of flame (29)
 U - a wand of iceblast (7)
 X - a wand of acid (8)
Scrolls
 h - 4 scrolls of magic mapping {!r}
 j - 2 scrolls of fog {!r}
 l - 5 scrolls of fear {!r}
 o - 8 scrolls of remove curse {!r}
 s - 3 scrolls of identify {!r}
 z - 6 scrolls of teleportation {!r}
 A - 5 scrolls of amnesia {!r}
 B - 4 scrolls of enchant armour {!r}
 N - a scroll of acquirement {!r}
Potions
 d - 4 potions of brilliance {!q}
 e - 8 potions of curing {!q}
 p - 3 potions of mutation {!q}
 r - a potion of invisibility {!q}
 v - 2 potions of haste {!q}
 w - 3 potions of might {!q}
 x - 3 potions of ambrosia {!q}
 C - 2 potions of lignification {!q}
 F - a potion of berserk rage {!q}
 I - 2 potions of flight {!q}
 K - a potion of agility {!q}
 P - a potion of resistance {!q, unknown}
 T - a potion of degeneration {!q, unknown}
Miscellaneous
 f - a phial of floods
Comestibles
 c - 20 rations


   Skills:
 * Level 10.2 Fighting
   Level 3.2 Short Blades
 - Level 14.0 Slings
 + Level 12.2 Dodging
 - Level 7.2 Shields
 + Level 11.4 Evocations


You had 12 spell levels left.
You didn't know any spells.
Your spell library contained the following spells:

 Spells                   Type           Power        Failure   Level  Hunger
 Apportation              Tloc           #.....       45%         1    ##.....
 Summon Small Mammal      Summ           #...         45%         1    ##.....
 Animate Skeleton         Necr           N/A          45%         1    ##.....
 Confusing Touch          Hex            #.....       45%         1    ##.....


Dungeon Overview and Level Annotations

Branches:
Dungeon (14/15)            Temple (0/1) D:6            Lair (0/6) D:10
    Orc (0/2) D:9          Vaults (0/5) D:14

Altars:
Cheibriados
Dithmenos
Hepliaklqana
Kikubaaqudgha
Makhleb
Nemelex Xobeh
Qazlal
Ru
Sif Muna
Trog
Vehumet
Wu Jian
Yredelemnul

Shops:
D:5 !   D:6 :[(([

Portals:
Trove: D:10 (give 16 scrolls of teleportation)

Annotations:
D:14 Kirke


Innate Abilities, Weirdness & Mutations

You are very small and have problems with some larger weapons.
You are too small for most types of armour.
You have supernaturally acute eyesight. (SInv)
You are a herbivore.
You cover ground extremely quickly.
You need to consume almost no food.


Message History

Kirke summons a manticore!
You block the hog's attack.
Firing (i - inventory. (/) - cycle)
g - 16 sling bullets (quivered)
Press: ? - help, Shift-Dir - straight line, f/p - hog
Aim: a hog
Okay, then.
Firing (i - inventory. (/) - cycle)
g - 16 sling bullets (quivered)
Press: ? - help, Shift-Dir - straight line, f/p - hog
Aim: a hog You shoot a sling bullet.
The sling bullet hits the hog.
The hog is lightly wounded.
The hog bites you! Kirke hits you.
Firing (i - inventory. (/) - cycle)
g - 15 sling bullets (quivered)
Press: ? - help, Shift-Dir - straight line, f/p - hog
Aim: a hog (lightly wounded)
You shoot a sling bullet. The sling bullet hits the hog!!
The hog is severely wounded.
The hog bites you but does no damage. The manticore bites you!!
The manticore misses you. The manticore claws you! The hog misses you.
Firing (i - inventory. (/) - cycle)
g - 14 sling bullets (quivered)
Press: ? - help, Shift-Dir - straight line, f/p - hog
Aim: a hog (severely wounded)
You shoot a sling bullet. The sling bullet barely misses the hog.
The hog bites you!
* * * LOW HITPOINT WARNING * * *
Kirke casts a spell at you. You resist with almost no effort.
The manticore misses you. x3
The hog completely misses you.
Firing (i - inventory. (/) - cycle)
g - 13 sling bullets (quivered)
Press: ? - help, Shift-Dir - straight line, f/p - hog
Aim: a hog (severely wounded)
You shoot a sling bullet. The sling bullet hits the hog.
The hog is almost dead.
The hog misses you. Kirke hits you!
* * * LOW HITPOINT WARNING * * *
Unknown command.
Firing (i - inventory. (/) - cycle)
g - 12 sling bullets (quivered)
Press: ? - help, Shift-Dir - straight line, f/p - hog
Aim: a hog (almost dead)
You shoot a sling bullet. The sling bullet hits the hog!
You kill the hog!
Trog accepts your kill. You block the hog's attack. The manticore bites you!
* * * LOW HITPOINT WARNING * * *
The manticore completely misses you. The manticore closely misses you.
The hungry ghost closely misses you. Kirke hits you.
* * * LOW HITPOINT WARNING * * *
Unknown command.
You block the hungry ghost's attack. The hungry ghost hits you.
You are feeling very hungry.
Okay, then.
Kirke mumbles some strange words.
Kirke summons some harpies!
The manticore flicks its tail.
The volley of spikes hits Kirke.
Really read
z - 7 scrolls of teleportation {!r}?
As you read the scroll of teleportation {!r}, it crumbles to dust.
You feel strangely unstable. You block the harpy's attack. x2
The harpy claws you!
* * * LOW HITPOINT WARNING * * *
The harpy completely misses you.
The harpy screeches!
The harpy claws you!
You die...

# #.# #..# #.# # ######.#
#..####.###### #
#......###............# #
#.....................#
#########.....................#
..†.........................<.#
..................h.@..(......#
#######(........(HHW.H(.......###
. #(........@.####(##........
#(.....###### ....#........
#......# ......#........ #......#
........#........ ####...#
........#........ ...+ .......
#........ #.....# .......
#........ #.....# #........
+.....# #....####


You could see Kirke (invisible), a manticore, 2 harpies, a hungry ghost and a
hog.

Vanquished Creatures
  2 hydras (D:12)
  2 dancing weapons (D:14)
  2 centaur warriors
  3 two-headed ogres
  2 unseen horrors
  Pikel (D:7)
  2 deep elf magi
  A wolf spider zombie (D:13)
  7 ugly things
  A manticore (D:12)
  2 cyclopes
  The ghost of Amnesiac the Nimble, a novice SpBe of Trog (D:7)
  Psyche (D:11)
  A komodo dragon (shapeshifter) (D:14)
  A centaur skeleton (D:13)
  3 gargoyles
  A kobold demonologist (D:12)
  A redback zombie (D:14)
  A freezing wraith (D:14)
  3 trolls
  2 hippogriffs
  5 slime creatures (D:13)
  2 wraiths
  A vampire (D:9)
  A shadow (D:14)
  2 hungry ghosts
  26 yaks
  4 hogs (D:14)
  3 vampire mosquitoes (D:12)
  4 orc warriors
  6 sky beasts
  A slave (D:7)
  A black bear (shapeshifter) (D:14)
  3 black bears
  6 ice beasts
  A necrophage (D:5)
  7 phantoms
  An ogre (shapeshifter) (D:14)
  11 centaurs
  7 ogres
  A crocodile (D:13)
  A big kobold (D:9)
  7 bullfrogs
  13 killer bees
  5 scorpions
  10 wights
  4 howler monkeys
  An electric eel (D:13)
  4 crimson imps
  2 bullfrog zombies
  2 quasits
  5 hounds
  3 orc priests
  4 bullfrog skeletons
  5 jellies
  12 orc wizards
  5 iguanas
  12 worker ants
  A hound zombie (D:6)
  Robin (D:4)
  A hound skeleton (D:4)
  A howler monkey skeleton (D:4)
  18 adders
  3 shadow imps
  5 oozes (D:8)
  A worm (D:3)
  A dart slug (D:2)
  7 leopard geckos
  37 orcs
  6 bats
  7 giant cockroaches
  17 goblins
  10 hobgoblins
  8 jackals
  4 quokkas
  2 ball pythons
  8 frilled lizards
  13 kobolds
  A leopard gecko skeleton (D:5)
  2 quokka skeletons
  6 rats
388 creatures vanquished.

Vanquished Creatures (others)
  4 plants (D:13)
4 creatures vanquished.

Grand Total: 392 creatures vanquished

Notes
Turn   | Place    | Note
-------+----------+-------------------------------------------
     0 | D:1      | Amnesiac the Spriggan Berserker began the quest for the Orb.
     0 | D:1      | Reached XP level 1. HP: 11/11 MP: 2/2
   196 | D:1      | Reached XP level 2. HP: 15/16 MP: 3/3
   600 | D:2      | Reached skill level 5 in Dodging
   600 | D:2      | Reached XP level 3. HP: 17/20 MP: 4/4
   732 | D:2      | Reached ** piety under Trog
   977 | D:2      | Found a faded altar of an unknown god.
  1008 | D:2      | Reached XP level 4. HP: 15/25 MP: 5/5
  1307 | D:2      | Found a bloodstained altar of Trog.
  1766 | D:3      | Found a basalt altar of Yredelemnul.
  1806 | D:3      | Found a hazy altar of Hepliaklqana.
  1806 | D:3      | Found a shadowy altar of Dithmenos.
  2117 | D:3      | Reached *** piety under Trog
  2175 | D:3      | Found a snail-covered altar of Cheibriados.
  2184 | D:3      | Reached XP level 5. HP: 29/29 MP: 6/6
  2561 | D:4      | Reached skill level 1 in Shields
  2586 | D:4      | Reached XP level 6. HP: 20/34 MP: 7/7
  2663 | D:4      | Found a stormy altar of Qazlal.
  2908 | D:4      | Reached skill level 5 in Fighting
  3185 | D:4      | HP: 1/35 [poisoned by a worker ant]
  3493 | D:4      | Noticed Robin
  3516 | D:4      | Reached **** piety under Trog
  3547 | D:4      | Killed Robin
  3547 | D:4      | Reached XP level 7. HP: 33/39 MP: 8/8
  3754 | D:5      | Entered Level 5 of the Dungeon
  4302 | D:5      | Reached skill level 5 in Evocations
  4473 | D:5      | Found Sourphouv's Distillery.
  4476 | D:5      | Bought a potion of lignification for 36 gold pieces
  4648 | D:5      | Reached XP level 8. HP: 35/44 MP: 13/13
  5008 | D:6      | Found Booruuqi's Antique Weapon Shoppe.
  5079 | D:6      | Found Vusofil's Antique Weapon Shoppe.
  5079 | D:6      | Found a staircase to the Ecumenical Temple.
  5107 | D:6      | Found a burning altar of Makhleb.
  5213 | D:6      | Found Lieqim's Book Boutique.
  5605 | D:6      | Found Nenkuwn's Armour Shoppe.
  5959 | D:6      | Found Tip Zeth's Antique Armour Boutique.
  6214 | D:7      | Reached XP level 9. HP: 29/49 MP: 14/16
  6633 | D:7      | Found a radiant altar of Vehumet.
  6873 | D:7      | Received a gift from Trog
  6919 | D:7      | Found a deep blue altar of Sif Muna.
  7011 | D:7      | Found a runed door.
  7122 | D:7      | Noticed Amnesiac's ghost (novice SpBe)
  7146 | D:7      | Killed Amnesiac's ghost
  7744 | D:8      | Found a sacrificial altar of Ru.
  7969 | D:8      | Reached ***** piety under Trog
  7969 | D:8      | Received a gift from Trog
  7969 | D:8      | Reached skill level 10 in Dodging
  8291 | D:8      | Found an ancient bone altar of Kikubaaqudgha.
  8310 | D:7      | Reached XP level 10. HP: 42/56 MP: 5/18
  8349 | D:8      | Noticed Pikel
  8372 | D:7      | Killed Pikel
  9103 | D:9      | Found an ornate altar of the Wu Jian Council.
  9199 | D:9      | Reached skill level 10 in Evocations
  9221 | D:9      | Found a staircase to the Orcish Mines.
  9318 | D:9      | Noticed a two-headed ogre
  9324 | D:9      | Killed a two-headed ogre
  9463 | D:9      | Reached skill level 5 in Shields
  9777 | D:10     | Entered Level 10 of the Dungeon
  9840 | D:10     | Found a portal to a secret trove of treasure.
 10168 | D:10     | Found a staircase to the Lair.
 10233 | D:9      | Found a sparkling altar of Nemelex Xobeh.
 10871 | D:10     | Reached XP level 11. HP: 39/62 MP: 19/19
 11643 | D:6      | Bought a runed fustibalus for 504 gold pieces
 11741 | D:11     | Noticed an unseen horror
 11746 | D:11     | Received a gift from Trog
 11752 | D:11     | Reached skill level 1 in Slings
 11756 | D:11     | Killed an unseen horror
 11756 | D:11     | Reached skill level 3 in Slings
 11926 | D:11     | Reached skill level 4 in Slings
 12095 | D:11     | Reached skill level 5 in Slings
 12238 | D:11     | Noticed a red ugly thing
 12240 | D:11     | Noticed a purple ugly thing
 12270 | D:11     | Killed a white ugly thing
 12270 | D:11     | Reached skill level 6 in Slings
 12309 | D:11     | Killed a white ugly thing
 12369 | D:11     | Noticed a deep elf mage
 12376 | D:11     | Killed a deep elf mage
 12415 | D:11     | Reached skill level 7 in Slings
 12437 | D:11     | Noticed Psyche
 12443 | D:11     | Killed Psyche
 12754 | D:11     | Identified a scroll of acquirement {!r}
 12916 | D:12     | Noticed a six-headed hydra
 12928 | D:12     | Noticed a five-headed hydra
 12962 | D:12     | Killed a six-headed hydra
 12962 | D:12     | Reached skill level 8 in Slings
 12982 | D:12     | Killed a five-headed hydra
 13091 | D:12     | Noticed a two-headed ogre
 13095 | D:12     | Reached skill level 9 in Slings
 13131 | D:12     | Killed a two-headed ogre
 13136 | D:12     | Reached XP level 12. HP: 39/67 MP: 12/21
 13435 | D:12     | Reached skill level 10 in Slings
 13523 | D:12     | Noticed a two-headed ogre
 13547 | D:12     | Killed a two-headed ogre
 14080 | D:13     | Reached skill level 11 in Slings
 14222 | D:13     | Noticed a centaur warrior
 14252 | D:13     | Killed a centaur warrior
 14472 | D:13     | Reached skill level 12 in Slings
 14827 | D:13     | Reached skill level 13 in Slings
 15075 | D:14     | Received a gift from Trog
 15242 | D:14     | Noticed a centaur warrior
 15256 | D:14     | Killed a centaur warrior
 15320 | D:14     | Reached skill level 14 in Slings
 15323 | D:14     | Found a gate to the Vaults.
 15356 | D:14     | Reached XP level 13. HP: 45/72 MP: 11/22
 15673 | D:14     | Reached skill level 10 in Fighting
 15816 | D:14     | Noticed Kirke
 15851 | D:14     | Slain by a harpy

Vault maps used:
D:1:      minmay_arrival_up_and_down
D:2:      lemuel_crystal_altar, chequers_ecumenical_altar_simple_redux
D:3:      lemuel_doored_altar, gammafunk_temple_overflow_pools,
          old_standard_altar, roderic_lattice_a
D:4:      kennysheep_mini_moat, grunt_ministairs_11, minmay_fountain_box,
          uniq_robin
D:5:      serial_shops, kennysheep_mini, first_ration
D:6:      nicolae_overflow_crystal_walls, minmay_temple_entry_statues_pillars,
          serial_shops, nicolae_shop_statue_plus, nicolae_shop_window_shopping,
          shop, shop, nicolae_shop_crystal
D:7:      old_standard_altar, lemuel_round_altar, gammafunk_ghost_grave
D:8:      kiku_gazebo_garden_becter, nicolae_ru_great_annihilating_truth,
          hangedman_little_slice_of_home, uniq_pikel
D:9:      overflow_temple_1_default, nicolae_overflow_hidden_temple, orc_0_dummy
D:10:     lair_entry_dummy, nicolae_trove_entry_columns
D:11:     uniq_psyche
D:13:     hangedman_decor_opposing, serial_bayou_lagoon_a
D:14:     erik_vaults_1, st_stairs_12, uniq_urug, uniq_kirke

Skill      XL: |  1  2  3  4  5  6  7  8  9 10 11 12 13 |
---------------+----------------------------------------+-----
Fighting       | 3 4 5 6 8 9 10 | 10.2
Dodging        | 5 6 7 8 10 11 12 | 12.2
Shields        | 1 2 3 4 5 6 7 |  7.2
Evocations     | 6 8 9 10 11 | 11.4
Slings         | 9 14 | 14.0
Short Blades   | |  3.2

Action                   |  1- 3 |  4- 6 |  7- 9 | 10-12 | 13-15 || total
-------------------------+-------+-------+-------+-------+-------++-------
Melee: Short sword       |   118 |   183 |       |    95 |       ||   396
       Dagger            |       |    73 |       |       |       ||    73
       Quarterstaff      |       |    60 |   461 |   305 |       ||   826
 Fire: Blowgun           |       |    11 |    23 |    69 |       ||   103
       Fustibalus        |       |       |       |   556 |   112 ||   668
Throw: Stone             |       |       |       |     8 |       ||     8
Invok: Berserk           |       |     3 |     2 |       |       ||     5
Evoke: Wand              |       |       |    28 |     5 |       ||    33
  Use: Scroll            |     2 |     7 |     2 |    14 |     1 ||    26
       Potion            |       |     1 |       |       |       ||     1
 Stab: Sleeping          |     5 |    12 |     8 |       |       ||    25
  Eat: Ration            |       |     2 |     4 |     3 |       ||     9
Armor: Animal skin       |     5 |    26 |    66 |       |       ||    97
       Robe              |       |       |     2 |    44 |       ||    46
       Troll leather arm |       |       |       |     6 |     2 ||     8
Dodge: Dodged            |   103 |   249 |   527 |   692 |    34 ||  1605
Block: Buckler           |       |    43 |       |   114 |    18 ||   175

Table legend:
 A = Spawn XP
 B = Non-spawn XP
 C = Spawn XP percentage of total XP
 D = Spawn monster count
 E = Non-spawn monster count
 F = Spawn count percentage of total count
 G = Total turns spent on level
                    A         B        C        D         E        F      G
               +---------+---------+-------+---------+---------+-------+---------
         Total |       0 |   43878 |   0.0 |       0 |     387 |   0.0 | 15851
               +---------+---------+-------+---------+---------+-------+---------
           D:1 |       0 |      29 |   0.0 |       0 |      17 |   0.0 |   580
           D:2 |       0 |     139 |   0.0 |       0 |      27 |   0.0 |  1020
           D:3 |       0 |     125 |   0.0 |       0 |      26 |   0.0 |   939
           D:4 |       0 |     451 |   0.0 |       0 |      36 |   0.0 |  1419
           D:5 |       0 |     732 |   0.0 |       0 |      20 |   0.0 |  1050
           D:6 |       0 |     942 |   0.0 |       0 |      13 |   0.0 |  1134
           D:7 |       0 |    2850 |   0.0 |       0 |      42 |   0.0 |  1659
           D:8 |       0 |    1831 |   0.0 |       0 |      36 |   0.0 |  1321
           D:9 |       0 |    2616 |   0.0 |       0 |      20 |   0.0 |   859
          D:10 |       0 |    2670 |   0.0 |       0 |      25 |   0.0 |  1723
          D:11 |       0 |    5415 |   0.0 |       0 |      25 |   0.0 |  1091
          D:12 |       0 |    7991 |   0.0 |       0 |      31 |   0.0 |  1188
          D:13 |       0 |    7239 |   0.0 |       0 |      36 |   0.0 |  1071
          D:14 |       0 |   10848 |   0.0 |       0 |      33 |   0.0 |   797
               +---------+---------+-------+---------+---------+-------+---------
